 Dungeon Crawl Stone Soup version 0.30-a0-1074-g5db6f66fbb (webtiles) character file.

Game seed: 9420486161995020140

307 jimonade the Grasshopper (level 6, -9/41 HPs)
             Began as an Octopode Warper on Apr 13, 2023.
             Killed from afar by Terence (11 damage)
             ... with a puff of flame
             ... on level 3 of the Dungeon.
             The game lasted 00:04:33 (2185 turns).

jimonade the Grasshopper (Octopode Warper)          Turns: 2185, Time: 00:04:34

Health: -9/41      AC:  1    Str: 11    XL:     6   Next: 40%
Magic:  9/9        EV: 13    Int: 15    God:
Gold:   80         SH:  0    Dex: 13    Spells: 5/9 levels left

rFire   . . .      SeeInvis .    a - +0 rapier
rCold   + . .      Faith    .    (no shield)
rNeg    . . .      Spirit   .    (helmet restricted)
rPois   .          Reflect  .    (no amulet)
rElec   .          Rampage  .    d - ring of protection from cold
rCorr   .                        (no ring)
Will    .....                    (no ring)
Stlth   ++++                     (no ring)
HPRegen 0.26/turn                (no ring)
MPRegen 0.11/turn                (no ring)
                                 (no ring)
                                 (no ring)

@: no status effects
A: almost no armour, amphibious, 8 rings, camouflage 1, gelatinous body 1,
(nimble swimmer 1), tentacles
a: no special abilities


You were on level 3 of the Dungeon.
You visited 1 branch of the dungeon, and saw 3 of its levels.

You collected 80 gold pieces.

Inventory:

Hand Weapons
 a - a +0 rapier (weapon)
 b - the +0 sling of the Dungeon {flame, rPois rC+}
   (You found it on level 2 of the Dungeon)

   rC:        It protects you from cold.
   rPois:     It protects you from poison.
 n - a +0 short sword
Missiles
 c - 7 boomerangs of dispersal (quivered)
 o - 20 stones
 w - 3 poisoned darts
Magical Staves
 l - a staff of fire
 q - a staff of air
Jewellery
 d - a ring of protection from cold (left tentacle)
 p - an amulet of faith
Wands
 r - a wand of paralysis (7)
 v - a wand of flame (19)
Scrolls
 f - a scroll of vulnerability {unknown}
 g - a scroll of noise {unknown}
 j - a scroll of torment
 k - 2 scrolls of teleportation
 m - a scroll of fear {unknown}
 s - a scroll of blinking
 t - a scroll of brand weapon {unknown}
 u - a scroll of immolation {unknown}
Potions
 e - a potion of mutation
 i - a potion of attraction


   Skills:
 + Level 2.7 Fighting
 + Level 3.3 Short Blades
 + Level 1.3 Ranged Weapons
 + Level 1.0 Throwing
 + Level 2.9 Dodging
 + Level 4.1 Stealth
 + Level 2.1 Spellcasting
 * Level 4.4 Translocations


You had 5 spell levels left.
You knew the following spells:

 Your Spells              Type           Power      Damage    Failure   Level
a - Blink                 Tloc           28%        N/A       5%          2
b - Lesser Beckoning      Tloc           28%        N/A       5%          2

Your spell library contained the following spells:

 Spells                   Type           Power      Damage    Failure   Level
 Teleport Other           Tloc           14%        N/A       11%         3
 Vhi's Electric Charge    Tloc/Air       16%        N/A       26%         3
 Manifold Assault         Tloc           14%        N/A       34%         4


Dungeon Overview and Level Annotations

Branches:
Dungeon (3/15)

Altars:

Shops:
D:2 [

Annotations:
D:2 exclusion: 2 downstairs
D:3 Sigmund, Terence


Innate Abilities, Weirdness & Mutations

You cannot wear most types of armour.
You are amphibious.
You can wear up to eight rings at the same time.
Your skin changes colour to match your surroundings (Stealth+).
Your rubbery body absorbs attacks. (AC +1, EV +1)
((You are camouflaged when in or above water. (Stealth+)))
You have tentacles for arms and can constrict up to eight enemies at once.


Message History

Found a quarterstaff.
Grinder gestures at you. Pain shoots through your body!
You puncture Grinder! You grab Grinder. You squeeze Grinder.
Grinder is moderately wounded.
You constrict Grinder. Grinder barely misses you.
You hit Grinder.
Grinder is moderately wounded.
You constrict Grinder.
Terence zaps a wand.
The puff of flame misses you. Grinder closely misses you.
You barely miss Grinder. You squeeze Grinder.
Grinder is heavily wounded.
You constrict Grinder. Grinder hits you!
You hit Grinder.
Grinder is heavily wounded.
You constrict Grinder. Grinder barely misses you.
You hit Grinder but do no damage.
Grinder is severely wounded.
You constrict Grinder.
Terence zaps a wand.
The puff of flame misses you. Grinder misses you.
You hit Grinder.
Grinder is almost dead.
You constrict Grinder. Grinder hits you.
* * * LOW HITPOINT WARNING * * *
You hit Grinder.
Grinder is almost dead.
You constrict Grinder.
You kill Grinder!
Your Short Blades skill increases to level 3!
Your Ranged Weapons skill increases to level 1!
Your Stealth skill gained 2 levels and is now at level 4!
Your Translocations skill increases to level 4!
You have reached level 5!
You feel stronger.
You have reached level 6!
Terence zaps a wand.
The puff of flame hits you!
* * * LOW HITPOINT WARNING * * *
There is a stone staircase leading up here.
Terence zaps a wand.
The puff of flame hits you!
You die...

#.......#.......#..).........
#.......#.......##..#......#.
#........@....>.....#.###.##.
##'#...........#[............
#@#.....####.........###.###
#.#.....####..###....#
#.#.............####...#
#.#.....###.....# ##.#
#.#.....# #@....# +#
#.#.##'## #.#+###
#.#.##.####.#.####
#.........@........
#.##.#..###.#....#.
#.##........#..).#
####.##.#...##.# ...#
#..............#....#
#....##.#........ ....


You could see Terence.

Vanquished Creatures
  Grinder (D:3)
  Ijyb (D:3)
  A gnoll (D:1)
  3 adders
  2 dart slugs (D:1)
  An orc (D:2)
  2 endoplasms
  A giant cockroach (D:1)
  4 hobgoblins
  2 quokkas (D:2)
  2 ball pythons
  2 bats (D:1)
  A frilled lizard (D:2)
  7 goblins
  4 kobolds
  6 rats
40 creatures vanquished.

Notes
Turn   | Place    | Note
-------+----------+-------------------------------------------
     0 | D:1      | jimonade the Octopode Warper began the quest for the Orb.
     0 | D:1      | Reached XP level 1. HP: 14/14 MP: 3/3
   222 | D:1      | Reached XP level 2. HP: 19/19 MP: 5/5
   584 | D:1      | Reached skill level 1 in Stealth
   584 | D:1      | Reached XP level 3. HP: 24/24 MP: 6/6
  1170 | D:2      | Found Hadag's Antique Armour Emporium.
  1196 | D:2      | Identified the +0 sling of the Dungeon {flame, rPois rC+}
  1214 | D:2      | Reached XP level 4. HP: 29/29 MP: 7/7
  1552 | D:3      | Noticed Ijyb
  1565 | D:3      | Killed Ijyb
  1665 | D:3      | Learned a level 2 spell: Blink
  1668 | D:3      | Learned a level 2 spell: Lesser Beckoning
  1703 | D:3      | Noticed Terence
  1704 | D:3      | Noticed Sigmund
  1783 | D:3      | Noticed Grinder
  2182 | D:3      | Killed Grinder
  2183 | D:3      | Reached skill level 1 in Ranged Weapons
  2183 | D:3      | Reached XP level 5. HP: 7/35 MP: 8/8
  2183 | D:3      | Reached XP level 6. HP: 8/41 MP: 9/9
  2184 | D:3      | HP: 2/41 [Terence/puff of flame (7)]
  2185 | D:3      | Killed from afar by Terence

Illustrated notes

Levels and vault maps discovered:
D:1:      amcnicky_arrival_abandoned_market, layout_basic, serial_curves,
          eino_curves_03, eino_curves_02, chequers_serial_rivers_micro_a,
          chequers_serial_rivers_micro_b, nicolae_eternal_life
D:2:      layout_basic, serial_shops, nicolae_shop_hallway_plus
D:3:      layout_basic, mainiacjoe_overflow_paths, elyvilon_altar_1,
          kiku_gazebo_garden_becter, st_stairs_8, grunt_ministairs_13,
          uniq_ijyb, uniq_grinder, uniq_sigmund, uniq_terence

Skill      XL: |  1  2  3  4 |
---------------+-------------+-----
Stealth        | 1 2 4 |  4.1
Short Blades   | 3 |  3.3
Ranged Weapons | 1 |  1.3
Translocations | 4 |  4.4
Fighting       | |  2.7
Throwing       | |  1.0
Dodging        | |  2.9
Spellcasting   | |  2.1

Action                     |  1- 3 |  4- 6 || total
---------------------------+-------+-------++-------
  Melee: Short sword       |    48 |       ||    48
         Tentacles         |    14 |     8 ||    22
         Constrict         |    16 |     7 ||    23
         Punch             |     2 |     2 ||     4
         Rapier            |    11 |    35 ||    46
   Fire: Sling             |     3 |     7 ||    10
    Use: Scroll            |       |     4 ||     4
   Stab: Sleeping          |     4 |     3 ||     7
 Armour: Skin              |     5 |     3 ||     8
  Dodge: Dodged            |    33 |    17 ||    50

Table legend: (Time is in decaauts)
 A = Elapsed time spent in this place.
 B = Non-inter-level travel time spent in this place.
 C = Inter-level travel time spent in this place.
 D = Time resting spent in this place.
 E = Time spent auto-exploring this place.
 F = Levels seen in this place.
 G = Mean time per level.
                   A        B        C        D        E       F      G
               +--------+--------+--------+--------+--------+-----+--------+
         Total |   2181 |   1984 |    197 |    268 |   1170 |   3 |  727.0 |
       Dungeon |   2181 |   1984 |    197 |    268 |   1170 |   3 |  727.0 |
               +--------+--------+--------+--------+--------+-----+--------+

Top non-repeatable levels by time:
     D:2: 1052 daAuts
     D:1: 791 daAuts
     D:3: 338 daAuts
